 Adventure DCSS version bcrawl-1.27.3 (webtiles) character file.

Game seed: 6613412541549844183

177118 galech the Skirmisher (level 5, 37/42 HPs)
             Began as a Demonspawn Fighter on July 31, 2020.
             Quit the game on level 3 of the Dungeon.
             The game lasted 00:02:23 (1659 turns).

galech the Skirmisher (Demonspawn Fighter)          Turns: 1659, Time: 00:02:24

Health: 37/42      AC:  9    Str: 16    XL:     5   Next: 0%
Magic:  5/5        EV:  2    Int: 10    God:
Gold:   218        SH:  9    Dex: 13    Spells: 4/4 levels left
                                        Lives:  2   Deaths: 0

rFire    . . .     SeeInvis .   a - +0 war axe
rCold    . . .     Gourm    .   c - +0 medium shield
rNeg     . . .     Faith    .   k - +0 chain mail
rPois    .         Spirit   .   (helmet restricted)
rElec    .         Reflect  .   (no cloak)
rCorr    .         Harm     .   (no gloves)
MR       .....                  (no boots)
Stlth    ..........             (no amulet)
HPRegen  0.14/turn              (no ring)
MPRegen  0.09/turn              (no ring)

@: no status effects
A: antennae 2, talons 1
a: no special abilities


You were on level 3 of the Dungeon.
You were not hungry.

You visited 1 branch of the dungeon, and saw 3 of its levels.

You collected 218 gold pieces.

Inventory:

Hand Weapons
 a - a +0 war axe (weapon)
Armour
 c - a +0 medium shield (worn)
 k - a +0 chain mail (worn)
Scrolls
 b - 3 scrolls of teleportation
 g - 5 scrolls of fog
 i - a scroll of enchant armour
 m - 2 scrolls of remove curse
 n - 3 scrolls of immolation
 o - a scroll of identify
Potions
 d - 2 potions of might
 h - 2 potions of mutation {unknown}
 j - a potion of berserk rage {unknown}
 l - a potion of brilliance {unknown}
Comestibles
 e - 4 rations {!d}
 f - 3 chunks of flesh


   Skills:
 + Level 3.8 Fighting
 + Level 2.9 Axes
 + Level 3.4 Armour
 + Level 0.5 Dodging
 + Level 3.2 Shields


You had 4 spell levels left.
You didn't know any spells.
Your spell library was empty.

Dungeon Overview and Level Annotations

Branches:
Dungeon (3/12)

Altars:
Zin

Shops:
D:2 *


Innate Abilities, Weirdness & Mutations

You have a pair of antennae on your head.
You have sharp toenails.


Message History

The goblin shouts!
You closely miss the goblin. You block the goblin's attack.
The goblin completely misses you.
You hit the goblin.
The goblin is heavily wounded.
The goblin completely misses you. The goblin hits you but does no damage.
You closely miss the goblin.
The goblin is heavily wounded.
The goblin hits you but does no damage.
You hit the goblin.
You kill the goblin!
You have reached level 5!
Your demonic ancestry asserts itself...
Your toenails lengthen and sharpen.
You now have 218 gold pieces (gained 15).
You see here a goblin corpse.
You butcher the goblin corpse.
f - 3 chunks of flesh (gained 1)
You see here a goblin skeleton.
Are you sure you want to abandon this character and quit the game? (Confirm with "yes".)

.......+........
.......#.......#
...)..#.......#
#...<[...#
.######..รทรท#+#.#
...............#
...............#
...............#
.......@..##+#.#
........#.)..#.#
........#....#+#.
........#........
........+..$.....
........#........
........#.)......
........#........
..#......


There were no monsters in sight!

Vanquished Creatures
  A crimson imp (D:3)
  An ooze (D:1)
  3 worms (D:2)
  4 dart slugs
  4 leopard geckos
  An orc (D:3)
  A ball python (D:1)
  A giant cockroach (D:1)
  12 goblins
  6 hobgoblins
  16 jackals
  10 kobolds
  A quokka (D:2)
  4 bats
  2 frilled lizards
  5 rats
72 creatures vanquished.

Notes
Turn   | Place    | Note
-------+----------+-------------------------------------------
     0 | D:1      | galech the Demonspawn Fighter began the quest for the Orb.
     0 | D:1      | Reached XP level 1. HP: 18/18 MP: 1/1
    56 | D:1      | Gained mutation: You have a pair of small antennae on your
                  | head. [demonic ancestry]
    56 | D:1      | Reached XP level 2. HP: 21/24 MP: 2/2
   383 | D:1      | Gained mutation: You have a pair of antennae on your head.
                  | [demonic ancestry]
   383 | D:1      | Reached XP level 3. HP: 24/29 MP: 3/3
   703 | D:2      | Found a glowing silver altar of Zin.
   745 | D:2      | Found Zin's Purification Station.
   929 | D:2      | Reached XP level 4. HP: 33/35 MP: 4/4
  1654 | D:3      | Gained mutation: You have sharp toenails. [demonic
                  | ancestry]
  1654 | D:3      | Reached XP level 5. HP: 36/42 MP: 5/5
  1659 | D:3      | Quit the game

Skill      XL: |  1  2  3 |
---------------+----------+-----
Armour         | 3 |  3.4
Axes           | 2 |  2.9
Shields        | 3 |  3.2
Fighting       | |  3.8
Dodging        | |  0.5

Action                   |  1- 3 |  4- 6 || total
-------------------------+-------+-------++-------
Melee: War axe           |   129 |    66 ||   195
  Use: Scroll            |     2 |     3 ||     5
  Eat: Chunk             |     5 |     5 ||    10
Armor: Scale mail        |    19 |       ||    19
       Chain mail        |    82 |    67 ||   149
Dodge: Dodged            |    21 |    14 ||    35
Block: Medium shield     |    63 |    35 ||    98
